 Dungeon Crawl Stone Soup version 0.16-a0-148-g3b84123 (console) character file.

102 MrRokkomies the Vexing (level 4, 0/32 HPs)
             Began as a Demonspawn Arcane Marksman on Aug 15, 2014.
             Slain by a jackal (2 damage)
             ... on Level 3 of the Dungeon.
             The game lasted 00:09:33 (2777 turns).

MrRokkomies the Vexing (Demonspawn Arcane Marksman) Turns: 2777, Time: 00:09:33

HP   0/32        AC  4     Str 12      XL: 4   Next: 50%
MP   5/5         EV 12     Int 14      God:
Gold 187         SH  0     Dex 13      Spells:  2 memorised,  2 levels left

rFire  . . .     SeeInvis .     a - +0 mace
rCold  + . .     Clarity  .     n - +1 robe
rNeg   + . .     rCorr    .     (no shield)
rPois  .         rRot     .     u - +0 helmet
rElec  .         Spirit   .     (no cloak)
SustAb +         Warding  +     (no gloves)
rMut   .         Stasis   .     (no boots)
Gourm  .                        k - amulet of warding
MR     .....                    (no ring)
                                s - ring of sustain abilities

@: lethally poisoned, not resistant to hostile enchantments, very unstealthy
A: cold resistance 1, freezing cloud immunity
a: no special abilities


You were on level 3 of the Dungeon.
You were not hungry.

You visited 1 branch of the dungeon, and saw 3 of its levels.

You collected 187 gold pieces.

Inventory:

Hand weapons
 a - a +0 mace (weapon)
 b - a +0 hand crossbow
Missiles
 c - 47 bolts
Armour
 n - a +1 robe (worn)
 p - a +0 ice dragon armour
 u - a +0 helmet (worn)
Magical devices
 i - a wand of flame (17)
Comestibles
 f - a bread ration
 g - 2 beef jerkies
 j - 3 slices of pizza
 m - 4 fruits
 t - a meat ration
Scrolls
 q - 3 scrolls of identify
 r - a scroll of enchant armour
Jewellery
 k - an amulet of warding (around neck)
 s - a ring of sustain abilities (left hand)
Potions
 e - a potion of degeneration
 h - 2 potions of agility {unknown}
 l - 3 potions of brilliance
 o - 2 potions of might {unknown}
Books
 d - a book of Debilitation

   Spells                             Type                      Level
   *Corona                            Hexes                        1
   *Slow                              Hexes                        2
   Inner Flame                        Hexes/Fire                   3
   Enslavement                        Hexes                        4
   Cause Fear                         Hexes                        4
   Leda's Liquefaction                Hexes/Earth                  4


   Skills:
 - Level 1.0 Fighting
 * Level 3.3 Crossbows
 - Level 1.7 Dodging
 - Level 1.0 Spellcasting
 * Level 4.2 Hexes


You had 2 spell levels left.
You knew the following spells:

 Your Spells              Type           Power        Failure   Level  Hunger
a - Corona                Hex            ##.....      6%          1    ##.....
b - Slow                  Hex            ##......     10%         2    ###....


Dungeon Overview and Level Annotations

Branches:
Dungeon (3/15)

Altars:
Elyvilon
Kikubaaqudgha
Vehumet

Annotations:
D:3 mike's ghost, average HEIE


Innate Abilities, Weirdness & Mutations

Your flesh is cold resistant.
You are immune to freezing clouds.


Message History

You feel sick.
You feel sick. The adder bites you.
You feel sick.
You feel sick.
You feel sick.
You see here a ball python corpse.
The adder bites you but does no damage.
Read which item? (? for menu, Esc to quit)
Okay, then.
Drink which item? (? for menu, Esc to quit)
Okay, then.
You feel sick. The jackal bites you.
* * * LOW HITPOINT WARNING * * *
The jackal barely misses you.
You feel sick. The jackal barely misses you.
You feel sick. The jackal bites you.
* * * LOW HITPOINT WARNING * * *
The jackal bites you.
You die...

.....# #.#.#....).# .....#
#.#.#..###.# .....# #.#.#..#.#.#
.....###########.#.#..#.#.#
..............##.#.#..#.#.#
.####.........##.#.#....#.# .#
#.........##.#.######.# .#
#.........##.#.#......####### ..
.........%...@................
###.........##h#.#.#######.##..
.# #.........##S#.#.# #.###. .#
############.#.#.#######.# #. .#
#.....# #W#.#.........# #.
.#######.....###.#.........######
.............W.g.................
...#.###...%.###########.#.######
...#.# #.....# #....#


You could see mike's ghost, an adder, a jackal and a hobgoblin.

Vanquished Creatures
  3 adders
  3 worms
  An ooze (D:3)
  An orc (D:3)
  A ball python (D:3)
  6 hobgoblins
  A quokka (D:3)
  9 bats
  A giant cockroach (D:3)
  4 giant geckos
  2 giant newts (D:3)
  7 goblins
  8 kobolds
  17 rats
64 creatures vanquished.

Notes
Turn   | Place    | Note
--------------------------------------------------------------
     0 | D:1      | MrRokkomies, the Demonspawn Arcane Marksman, began the quest for the Orb.
     0 | D:1      | Reached XP level 1. HP: 15/15 MP: 2/2
   340 | D:1      | Gained mutation: Your flesh is cold resistant. [demonic ancestry]
   340 | D:1      | Reached XP level 2. HP: 16/21 MP: 3/3
  1316 | D:2      | Reached XP level 3. HP: 21/26 MP: 4/4
  1366 | D:2      | HP: 1/26 [goblin/club (3)]
  1727 | D:2      | Learned a level 2 spell: Slow
  1869 | D:3      | Gained mutation: You are immune to freezing clouds. [demonic ancestry]
  1869 | D:3      | Reached XP level 4. HP: 19/32 MP: 5/5
  1879 | D:3      | Reached skill level 4 in Hexes
  2083 | D:3      | Found a white marble altar of Elyvilon.
  2140 | D:3      | Found a radiant altar of Vehumet.
  2617 | D:3      | Found an ancient bone altar of Kikubaaqudgha.
  2750 | D:3      | Noticed mike's ghost (average HEIE)
  2777 | D:3      | Slain by a jackal

Action                   |  1- 3 |  4- 6 || total
-------------------------+-------+-------++-------
Melee: Unarmed           |    88 |       ||    88
       Dagger            |    91 |    25 ||   116
       Mace              |       |    42 ||    42
 Fire: Hand crossbow     |    35 |    19 ||    54
Evoke: Wand              |       |     1 ||     1
  Use: Scroll            |     9 |     1 ||    10
       Potion            |     1 |       ||     1
 Stab: Sleeping          |     1 |       ||     1
  Eat: Chunk             |     3 |     3 ||     6
